 Dungeon Crawl Stone Soup version 0.29.1-2-gbd0b4ee654 (webtiles) character file.

Game seed: 7355626975006459678

1332 Avanven the Carver (level 8, -1/62 HPs)
             Began as a Minotaur Hunter on Nov 5, 2022.
             Slain by a shadow (15 damage)
             ... on level 6 of the Dungeon.
             The game lasted 00:06:17 (3251 turns).

Avanven the Carver (Minotaur Hunter)                Turns: 3251, Time: 00:06:17

Health: -1/62      AC: 10    Str: 12    XL:     8   Next: 34%
Magic:  7/7        EV:  6    Int: 10    God:
Gold:   304        SH:  0    Dex: 20    Spells: 7/7 levels left

rFire   . . .      SeeInvis .   r - +6 great sword "Jateoblo" {flame, rC+ Str-4 Int+4 Dex+4}
rCold   + + +      Faith    .   (shield currently unavailable)
rNeg    + . .      Spirit   .   m - +2 chain mail "Deukhi" {rPois Will+ Regen+}
rPois   +          Reflect  .   (helmet restricted)
rElec   .          Harm     .   (no cloak)
rCorr   .          Rampage  .   (no gloves)
Will    ++...                   (no boots)
Stlth   ..........              (no amulet)
HPRegen 1.00/turn               s - ring "Deuci" {rC++ rN+ Will+}
MPRegen 0.10/turn               (no ring)

@: confused, ambrosia-drunk, marked, studying Dodging
A: horns 2, retaliatory headbutt
a: no special abilities


You were on level 6 of the Dungeon.
You visited 1 branch of the dungeon, and saw 6 of its levels.

You collected 905 gold pieces.
You spent 601 gold pieces at shops.

Inventory:

Hand Weapons
 a - a +0 shortbow
 r - the +6 great sword "Jateoblo" (weapon) {flame, rC+ Str-4 Int+4 Dex+4}
   (You acquired it on level 3 of the Dungeon)

   It burns those it strikes, dealing additional fire damage.
   Big, fiery blades are also staple armaments of hydra-hunters.
   Str:       It affects your strength (-4).
   Int:       It affects your intelligence (+4).
   Dex:       It affects your dexterity (+4).
   rC:        It protects you from cold.
Armour
 m - the +2 chain mail "Deukhi" (worn) {rPois Will+ Regen+}
   (You found it on level 2 of the Dungeon)

   rPois:     It protects you from poison.
   Regen:     It increases your rate of health regeneration.
   Will:      It increases your willpower.
Jewellery
 s - the ring "Deuci" (left hand) {rC++ rN+ Will+}
   (You bought it in a shop on level 3 of the Dungeon)

   [ring of positive energy]

   rC:        It greatly protects you from cold.
   rN:        It protects you from negative energy.
   Will:      It increases your willpower.
 v - a +6 ring of strength
Wands
 p - a wand of digging (2)
Scrolls
 b - a scroll of immolation
 c - a scroll of fear {unknown}
 d - 4 scrolls of identify {unknown}
 e - 2 scrolls of vulnerability {unknown}
 f - a scroll of noise {unknown}
 k - a scroll of magic mapping {unknown}
 l - a scroll of blinking {unknown}
 o - 3 scrolls of teleportation {unknown}
 q - 2 scrolls of amnesia {unknown}
 y - a scroll of poison {unknown}
Potions
 g - a potion of cancellation {unknown}
 h - 2 potions of curing {unknown}
 i - 2 potions of ambrosia
 j - a potion of attraction {unknown}
 n - 2 potions of invisibility {unknown}
 t - a potion of berserk rage {unknown}
 u - a potion of brilliance {unknown}
 w - a potion of mutation {unknown}
 x - a potion of might {unknown}


   Skills:
 - Level 2.4 Fighting
 * Level 10.7 Long Blades
 - Level 6.8 Ranged Weapons
 - Level 2.1 Dodging
 - Level 0.7 Stealth


You had 7 spell levels left.
You didn't know any spells.
Your spell library contained the following spells:

 Spells                   Type           Power      Damage    Failure   Level
 Call Canine Familiar     Summ           0%         N/A       100%        3
 Ignite Poison            Fire/Tmut/Pois 0%         N/A       100%        3
 Mephitic Cloud           Conj/Pois/Air  0%         N/A       100%        3
 Portal Projectile        Hex/Tloc       0%         N/A       100%        3
 Leda's Liquefaction      Hex/Erth       0%         N/A       100%        4
 Freezing Cloud           Conj/Ice/Air   0%         6-21      100%        5


Dungeon Overview and Level Annotations

Branches:
Dungeon (6/15)
 Temple: D:4-7

Altars:

Shops:
D:3 *=


Innate Abilities, Weirdness & Mutations

You have a pair of horns on your head.
You reflexively headbutt those who attack you in melee.


Message History

* * * LOW HITPOINT WARNING * * *
It was a potion of ambrosia.
You are confused.
You feel invigorated.
You feel sick.
The bullfrog hits you but does no damage.
The shadow hits you.
You bump into the rock wall.
You feel sick.
The bullfrog hits you but does no damage.
A bullfrog comes into view.
The bullfrog hits you but does no damage.
The shadow hits you.
You closely miss the shadow.
You feel sick.
The bullfrog hits you but does no damage.
The ufetubus hits you but does no damage.
The ufetubus barely misses you. The shadow barely misses you.
The bullfrog hits you.
* * * LOW HITPOINT WARNING * * *
You bump into the rock wall.
You feel sick. The ufetubus barely misses you.
The ufetubus hits you but does no damage.
A gnoll comes into view. It is wielding a +0 spear.
The bullfrog hits you.
* * * LOW HITPOINT WARNING * * *
The shadow hits you. The ufetubus barely misses you.
The ufetubus hits you but does no damage.
You slash the ufetubus! You burn the ufetubus.
You kill the ufetubus!
You feel sick.
You are no longer poisoned.
The bullfrog hits you but does no damage.
The bullfrog hits you.
* * * LOW HITPOINT WARNING * * *
The shadow slips into darkness.
The shadow flickers and vanishes!
Deactivating autopickup; reactivate with Ctrl-A.
You bump into the rock wall.
An orc comes into view. It is wielding a +0 dagger.
A gnoll comes into view. It is wielding a +0 flail.
The bullfrog barely misses you.
The shadow strikes at you from the darkness!
You die...

.. . #...# . #...#
#. #...# ####.#
#...# ......g###
#...# ..
#...g####...# #o.
.##.##....##{##.....
...##.##.F@FF.....#
#>.##.##.####.####.
#..##.#...)......
#..##.#..########
#.....#..#
#.#####..#
#.#####..#
#........#
##........#


You could see 3 bullfrogs, 2 gnolls and an orc.

Vanquished Creatures
  The ghost of Araneus the Cudgeller, an amateur DsFi (D:5)
  A water moccasin (D:5)
  An orc warrior (D:6)
  2 black bears
  2 ogres
  4 scorpions
  2 hounds
  2 orc priests
  2 jellies
  Ijyb (D:3)
  5 adders
  2 ufetubi (D:6)
  3 worms
  A dart slug (D:2)
  9 orcs
  4 ball pythons
  6 bats
  9 endoplasms
  A giant cockroach (D:3)
  6 hobgoblins
  10 jackals
  5 quokkas
  4 frilled lizards
  3 goblins
  5 kobolds
  7 rats
98 creatures vanquished.

Vanquished Creatures (others)
  7 fungi (D:6)
7 creatures vanquished.

Grand Total: 105 creatures vanquished

Notes
Turn   | Place    | Note
-------+----------+-------------------------------------------
     0 | D:1      | Avanven the Minotaur Hunter began the quest for the Orb.
     0 | D:1      | Reached XP level 1. HP: 18/18 MP: 0/0
   190 | D:1      | Reached XP level 2. HP: 23/25 MP: 1/1
   243 | D:1      | Reached skill level 5 in Ranged Weapons
   337 | D:1      | You fall into a shaft and drop 1 floor!
   368 | D:2      | Reached XP level 3. HP: 30/30 MP: 2/2
   469 | D:2      | Identified the +5 dagger of Fee Simple {freeze, Fly rPois
                  | MP-9 Int+3}
   530 | D:2      | Found a faded altar of an unknown god.
   684 | D:2      | Identified the +2 chain mail "Deukhi" {rPois Will+ Regen+}
   875 | D:1      | Reached XP level 4. HP: 37/37 MP: 3/3
  1225 | D:3      | Noticed Ijyb
  1236 | D:3      | Killed Ijyb
  1426 | D:3      | Found Faghugh's Assorted Antiques.
  1431 | D:3      | Identified 3 scrolls of acquirement
  1431 | D:3      | Acquired the +6 great sword "Jateoblo" {flame, rC+ Str-4
                  | Int+4 Dex+4}
  1433 | D:3      | Acquired 595 gold pieces
  1435 | D:3      | Acquired a manual of Dodging
  1480 | D:3      | Found Kogril's Jewellery Boutique.
  1488 | D:3      | Bought the ring "Deuci" {rC++ rN+ Will+} for 601 gold
                  | pieces
  1733 | D:4      | Reached skill level 2 in Long Blades
  1733 | D:4      | Reached XP level 5. HP: 21/42 MP: 4/4
  1922 | D:4      | Reached skill level 3 in Long Blades
  2350 | D:4      | Noticed an ogre
  2357 | D:4      | Killed an ogre
  2358 | D:4      | Reached skill level 4 in Long Blades
  2358 | D:4      | Reached XP level 6. HP: 48/50 MP: 5/5
  2560 | D:5      | Entered Level 5 of the Dungeon
  2677 | D:5      | Reached skill level 5 in Long Blades
  2678 | D:5      | Reached skill level 6 in Long Blades
  2708 | D:5      | Reached XP level 7. HP: 56/56 MP: 6/6
  2738 | D:5      | Reached skill level 7 in Long Blades
  2867 | D:5      | Reached skill level 8 in Long Blades
  2923 | D:5      | Found a large runed translucent door.
  2924 | D:5      | Found a large runed translucent door.
  2926 | D:5      | Noticed Araneus's ghost (amateur DsFi)
  3150 | D:5      | Killed Araneus's ghost
  3151 | D:5      | Reached skill level 9 in Long Blades
  3151 | D:5      | Reached XP level 8. HP: 62/62 MP: 7/7
  3239 | D:6      | Reached skill level 10 in Long Blades
  3245 | D:6      | HP: 2/62 [shadow (4)]
  3251 | D:6      | Slain by a shadow

Illustrated notes

Levels and vault maps discovered:
D:1:      dpeg_arrival_fog, layout_loops_ring
D:2:      layout_rooms, shapermc_ecumenical_altar_ellora
D:3:      layout_rooms, serial_shops, shop, nicolae_shop_statue_plus, uniq_ijyb
D:4:      layout_basic
D:5:      layout_rooms, ebering_ghost_disaster_area
D:6:      layout_loops_ring, lemuel_coloured_pillars_altar, serial_aquarium,
          aquarium_bridge_straight [aquarium_subvault_bridge,
          aquarium_subvault_wall, aquarium_subvault_bridge,
          aquarium_subvault_window], aquarium_window_fake, aquarium_window_fake,
          aquarium_window_2, aquarium_view_2f, aquarium_view_2f,
          aquarium_pool_split, grunt_decor_junction, minmay_divided_ellipse,
          uniq_duvessa

Skill      XL: |  1  2  3  4  5  6  7  8 |
---------------+-------------------------+-----
Ranged Weapons | 5 6 |  6.8
Long Blades    | 2 4 6 9 10 | 10.7
Fighting       | |  2.4
Dodging        | |  2.1
Stealth        | |  0.7

Action                   |  1- 3 |  4- 6 |  7- 9 || total
-------------------------+-------+-------+-------++-------
Melee: Great sword       |       |    25 |    36 ||    61
       Headbutt          |       |     5 |     8 ||    13
 Fire: Shortbow          |    93 |    83 |       ||   176
  Use: Scroll            |       |     3 |       ||     3
       Potion            |       |       |     1 ||     1
Armor: Leather armour    |    10 |       |       ||    10
       Chain mail        |       |    62 |    34 ||    96
Dodge: Dodged            |    18 |    30 |    22 ||    70
